Flames vs Thrashers

Created - April 23 2007 at 19:26

Goals
1 2 3 T
Flames 1 1 1 3
Thrashers 1 1 0 2
Shots
1 2 3 T
Flames 7 7 15 29
Thrashers 13 16 11 40

Period #1

1. Flames , Robyn Regehr 3 (Jarome Iginla, Dion Phaneuf) at 10:40 (PP)
2. Thrashers , Ales Kotalik 3 (Alexander Frolov) at 15:32

Penalities :
Brian Leetch (ATL) for Kneeing (Major) at 2:12, Mike Van Ryn (ATL) for Boarding (Double Minor) at 3:06, Ales Kotalik (ATL) for Charging (Minor) at 10:24, Alex Tanguay (CGY) for Charging (Minor) at 16:09, Andrei Zyuzin (CGY) for Tripping (Minor) at 18:39

Period #2

3. Flames , Alex Tanguay 5 (Craig Conroy, Jarome Iginla) at 11:49
4. Thrashers , Marian Hossa 5 (Greg de Vries, Alexander Frolov) at 19:43 (PP)

Penalities :
Jarome Iginla (CGY) for Slashing (Minor) at 2:22, Dion Phaneuf (CGY) for Holding (Minor) at 3:47, Robyn Regehr (CGY) for Cross-checking (Minor) at 19:12, Andy Sutton (ATL) for Holding (Minor) at 19:57

Period #3

5. Flames , Brian Willsie 6 (Jussi Jokinen, Daymond Langkow) at 10:12

Penalities :
Mike Van Ryn (ATL) for Slashing (Minor) at 2:21, Marian Hossa (ATL) for Holding (Minor) at 5:22, Niclas Havelid (ATL) for Slashing (Minor) at 18:10

Goalie Stats

Miikka Kiprusoff (CGY), 38 saves from 40 shots - (0.950), W, 8-2-2, 60:00 minutes
Kari Lehtonen (ATL), 26 saves from 29 shots - (0.897), L, 6-5-2, 60:00 minutes

Players Stats

Flames
Player Name              G  A  P  +/- PIM S  H  SB FO MP 
-----------------------------------------------------------
Alex Tanguay             1  0  1   1  2   3  0  0  1  20 
Andrei Zyuzin            0  0  0   0  2   2  0  2  0  18 
Andrew Ference           0  0  0   0  0   0  1  2  0  16 
Bill Guerin              0  0  0   0  0   3  2  0  2  18 
Brian Willsie            1  0  1   0  0   7  1  0  2  16 
Craig Conroy             0  1  1   1  0   0  2  0  25 20 
Daymond Langkow          0  1  1   0  0   2  0  2  19 17 
Dion Phaneuf             0  1  1   1  2   0  1  3  0  25 
Jarome Iginla            0  2  2   1  2   2  0  1  6  24 
Jaroslav Modry           0  0  0   0  0   0  1  2  0  18 
Joe Nieuwendyk           0  0  0   0  0   4  0  1  35 21 
Jussi Jokinen            0  1  1   0  0   2  0  0  2  14 
Kristian Huselius        0  0  0   0  0   1  0  0  0  7  
Matthew Lombardi         0  0  0   0  0   0  1  0  4  6  
Rhett Warrener           0  0  0   0  0   0  0  2  0  9  
Robyn Regehr             1  0  1   1  2   1  0  2  0  20 
Roman Hamrlik            0  0  0   0  0   1  3  4  0  21 
Tony Amonte              0  0  0   0  0   1  0  1  2  18 
Thrashers
Player Name              G  A  P  +/- PIM S  H  SB FO MP 
-----------------------------------------------------------
Ales Kotalik             1  0  1   1  2   2  1  0  0  17 
Alexander Frolov         0  2  2   1  0   6  0  0  1  18 
Andy Sutton              0  0  0  -1  2   1  1  0  0  9  
Anson Carter             0  0  0   0  0   5  0  0  0  15 
Bobby Holik              0  0  0  -1  0   0  2  0  19 12 
Brendan Morrison         0  0  0   0  0   3  1  0  27 15 
Brett Clark              0  0  0  -1  0   1  2  2  0  18 
Brian Leetch             0  0  0  -2  5   2  1  2  0  20 
Greg de Vries            0  1  1   0  0   1  1  0  0  20 
Ilya Kovalchuk           0  0  0  -1  0   3  4  0  0  20 
Jozef Stumpel            0  0  0   1  0   3  0  1  22 19 
Ladislav Nagy            0  0  0  -1  0   1  1  1  4  13 
Marian Hossa             1  0  1  -1  2   4  2  0  1  18 
Mike Van Ryn             0  0  0   1  6   0  0  2  0  16 
Niclas Havelid           0  0  0   1  2   1  2  0  0  20 
Philippe Boucher         0  0  0   0  0   3  2  0  0  22 
Robert Lang              0  0  0  -1  0   3  0  0  22 17 
Scott Mellanby           0  0  0  -1  0   1  0  0  2  10 

3 Stars

1 - Miikka Kiprusoff (CGY)
2 - Ales Kotalik (ATL)
3 - Robyn Regehr (CGY)

Power Play

Flames - 1 on 8 Attempt(s) - 12.50%
Thrashers - 1 on 4 Attempt(s) - 25.00%

Penalty Kill

Flames - 3 on 4 Attempt(s) - 75.00% - Score 0 goal in Penalty Kill
Thrashers - 7 on 8 Attempt(s) - 87.50% - Score 0 goal in Penalty Kill

Game Notes

No Game Note

Finance

Level 1 -- Attendance: 6000 (100.00%) -- Ticket Income $450,000.00
Level 2 -- Attendance: 5000 (100.00%) -- Ticket Income $250,000.00
Level 3 -- Attendance: 2545 (100.00%) -- Ticket Income $76,350.00
Level 4 -- Attendance: 4000 (100.00%) -- Ticket Income $80,000.00
Luxury Box -- Attendance: 1000 (100.00%) -- Ticket Income $150,000.00
Game was played at the Philips Arena
Total Attendance: 18545 (100.00%)
Total Ticket Income: $1,026,170.00
Other Income: $307,850.98
Total Income: $1,334,021.00


Play by Play

Period #1

0:01 of 1st period - Robert Lang wins face-off versus Craig Conroy in neutral zone.
0:32 of 1st period - Shot by Jarome Iginla.
0:32 of 1st period - Stopped by Kari Lehtonen without a rebound.
0:33 of 1st period - Joe Nieuwendyk wins face-off versus Brendan Morrison in Thrashers zone.
0:41 of 1st period - Icing by Greg de Vries.
0:42 of 1st period - Daymond Langkow wins face-off versus Brendan Morrison in Thrashers zone.
1:08 of 1st period - Icing by Jussi Jokinen.
1:09 of 1st period - Jozef Stumpel wins face-off versus Daymond Langkow in Flames zone.
1:26 of 1st period - Shot by Alexander Frolov.
1:26 of 1st period - Shot Misses the Net.
1:29 of 1st period - Shot by Ales Kotalik.
1:29 of 1st period - Deflect By Alexander Frolov.
1:29 of 1st period - Stopped by Miikka Kiprusoff without a rebound.
1:30 of 1st period - Craig Conroy wins face-off versus Ladislav Nagy in Flames zone.
1:30 of 1st period - Alex Tanguay is hit by Marian Hossa and loses puck.
1:39 of 1st period - Jarome Iginla is hit by Marian Hossa and loses puck.
2:12 of 1st period - Major Penalty to Brian Leetch for Kneeing.
2:13 of 1st period - Bobby Holik wins face-off versus Bill Guerin in Thrashers zone.
2:23 of 1st period - Scott Mellanby is hit by Roman Hamrlik and loses puck.
2:48 of 1st period - Icing by Andrei Zyuzin.
2:49 of 1st period - Bobby Holik wins face-off versus Bill Guerin in Flames zone.
2:57 of 1st period - Roman Hamrlik is hit by Greg de Vries and loses puck.
3:06 of 1st period - Double Minor Penalty to Mike Van Ryn for Boarding.
3:07 of 1st period - Bobby Holik wins face-off versus Craig Conroy in Flames zone.
3:26 of 1st period - Shot by Robyn Regehr.
3:26 of 1st period - Shot Misses the Net.
3:48 of 1st period - Icing by Andrei Zyuzin.
3:49 of 1st period - Bobby Holik wins face-off versus Joe Nieuwendyk in Flames zone.
4:00 of 1st period - Shot by Bill Guerin.
4:00 of 1st period - Shot Misses the Net.
4:07 of 1st period - Shot by Bill Guerin.
4:07 of 1st period - Stopped by Kari Lehtonen without a rebound.
4:08 of 1st period - Jozef Stumpel wins face-off versus Craig Conroy in Thrashers zone.
4:14 of 1st period - Icing by Dion Phaneuf.
4:15 of 1st period - Craig Conroy wins face-off versus Jozef Stumpel in Flames zone.
5:00 of 1st period - Shot by Tony Amonte.
5:00 of 1st period - Deflect By Joe Nieuwendyk.
5:00 of 1st period - Stopped by Kari Lehtonen with a rebound.
5:03 of 1st period - Shot by Tony Amonte.
5:03 of 1st period - Shot Misses the Net.
5:06 of 1st period - Shot by Bill Guerin.
5:06 of 1st period - Shot Misses the Net.
5:07 of 1st period - Shot by Andrei Zyuzin.
5:07 of 1st period - Shot Misses the Net.
5:10 of 1st period - Shot by Joe Nieuwendyk.
5:10 of 1st period - Shot Blocked by Jozef Stumpel.
6:34 of 1st period - Off-side.
6:35 of 1st period - Jozef Stumpel wins face-off versus Brian Willsie in neutral zone.
6:41 of 1st period - Icing by Robyn Regehr.
6:42 of 1st period - Daymond Langkow wins face-off versus Jozef Stumpel in Flames zone.
7:10 of 1st period - Off-side.
7:11 of 1st period - Jozef Stumpel wins face-off versus Joe Nieuwendyk in neutral zone.
7:18 of 1st period - Shot by Marian Hossa.
7:18 of 1st period - Shot Blocked by Rhett Warrener.
7:19 of 1st period - Shot by Brian Leetch.
7:19 of 1st period - Stopped by Miikka Kiprusoff without a rebound.
7:20 of 1st period - Joe Nieuwendyk wins face-off versus Brendan Morrison in Flames zone.
7:20 of 1st period - Andrei Zyuzin is hit by Philippe Boucher and loses puck.
7:43 of 1st period - Bill Guerin is hit by Ilya Kovalchuk and loses puck.
8:00 of 1st period - Roman Hamrlik is hit by Brendan Morrison and loses puck.
8:38 of 1st period - Shot by Jarome Iginla.
8:38 of 1st period - Shot Blocked by Mike Van Ryn.
9:29 of 1st period - Shot by Marian Hossa.
9:29 of 1st period - Stopped by Miikka Kiprusoff without a rebound.
9:30 of 1st period - Bobby Holik wins face-off versus Jussi Jokinen in Flames zone.
9:47 of 1st period - Shot by Daymond Langkow.
9:47 of 1st period - Deflect By Brian Willsie.
9:47 of 1st period - Stopped by Kari Lehtonen without a rebound.
9:48 of 1st period - Joe Nieuwendyk wins face-off versus Robert Lang in Thrashers zone.
10:24 of 1st period - Minor Penalty to Ales Kotalik for Charging.
10:25 of 1st period - Bobby Holik wins face-off versus Craig Conroy in Flames zone.
10:26 of 1st period - Shot by Scott Mellanby.
10:26 of 1st period - Stopped by Miikka Kiprusoff without a rebound.
10:27 of 1st period - Craig Conroy wins face-off versus Scott Mellanby in Flames zone.
10:29 of 1st period - Dion Phaneuf is hit by Bobby Holik and loses puck.
10:39 of 1st period - Shot by Jarome Iginla.
10:39 of 1st period - Shot Misses the Net.
10:40 of 1st period - Shot by Robyn Regehr.
10:40 of 1st period - Goal by Robyn Regehr - Flames : 1 - Thrashers : 0.
10:41 of 1st period - Daymond Langkow wins face-off versus Jozef Stumpel in neutral zone.
11:47 of 1st period - Bill Guerin is hit by Ilya Kovalchuk and loses puck.
12:22 of 1st period - Icing by Philippe Boucher.
12:23 of 1st period - Brendan Morrison wins face-off versus Craig Conroy in Thrashers zone.
13:29 of 1st period - Icing by Mike Van Ryn.
13:30 of 1st period - Joe Nieuwendyk wins face-off versus Jozef Stumpel in Thrashers zone.
13:44 of 1st period - Joe Nieuwendyk is hit by Ales Kotalik and loses puck.
13:58 of 1st period - Shot by Alexander Frolov.
13:58 of 1st period - Shot Blocked by Tony Amonte.
14:01 of 1st period - Shot by Alexander Frolov.
14:01 of 1st period - Shot Misses the Net.
14:04 of 1st period - Shot by Jozef Stumpel.
14:04 of 1st period - Deflect By Alexander Frolov.
14:04 of 1st period - Stopped by Miikka Kiprusoff with a rebound.
14:05 of 1st period - Shot by Ales Kotalik.
14:05 of 1st period - Shot Blocked by Roman Hamrlik.
14:06 of 1st period - Shot by Niclas Havelid.
14:06 of 1st period - Stopped by Miikka Kiprusoff without a rebound.
14:07 of 1st period - Bobby Holik wins face-off versus Daymond Langkow in Flames zone.
14:10 of 1st period - Shot by Ilya Kovalchuk.
14:10 of 1st period - Deflect By Bobby Holik.
14:10 of 1st period - Shot Blocked by Jaroslav Modry.
14:15 of 1st period - Shot by Scott Mellanby.
14:15 of 1st period - Shot Misses the Net.
14:16 of 1st period - Shot by Andy Sutton.
14:16 of 1st period - Stopped by Miikka Kiprusoff with a rebound.
14:19 of 1st period - Shot by Ilya Kovalchuk.
14:19 of 1st period - Shot Blocked by Daymond Langkow.
14:24 of 1st period - Shot by Ilya Kovalchuk.
14:24 of 1st period - Shot Blocked by Daymond Langkow.
14:27 of 1st period - Shot by Ilya Kovalchuk.
14:27 of 1st period - Stopped by Miikka Kiprusoff without a rebound.
14:28 of 1st period - Brendan Morrison wins face-off versus Craig Conroy in Flames zone.
15:07 of 1st period - Shot by Anson Carter.
15:07 of 1st period - Stopped by Miikka Kiprusoff with a rebound.
15:32 of 1st period - Shot by Ales Kotalik.
15:32 of 1st period - Goal by Ales Kotalik - Flames : 1 - Thrashers : 1.
15:33 of 1st period - Tony Amonte wins face-off versus Marian Hossa in neutral zone.
15:38 of 1st period - Shot by Joe Nieuwendyk.
15:38 of 1st period - Shot Misses the Net.
15:43 of 1st period - Shot by Robert Lang.
15:43 of 1st period - Stopped by Miikka Kiprusoff without a rebound.
15:44 of 1st period - Robert Lang wins face-off versus Daymond Langkow in Flames zone.
15:47 of 1st period - Shot by Marian Hossa.
15:47 of 1st period - Stopped by Miikka Kiprusoff without a rebound.
15:48 of 1st period - Jozef Stumpel wins face-off versus Daymond Langkow in Flames zone.
16:08 of 1st period - Alexander Frolov is hit by Brian Willsie and loses puck.
16:09 of 1st period - Minor Penalty to Alex Tanguay for Charging.
16:10 of 1st period - Robert Lang wins face-off versus Joe Nieuwendyk in Flames zone.
16:20 of 1st period - Off-side.
16:21 of 1st period - Joe Nieuwendyk wins face-off versus Brendan Morrison in neutral zone.
16:46 of 1st period - Shot by Ales Kotalik.
16:46 of 1st period - Deflect By Ilya Kovalchuk.
16:46 of 1st period - Shot Misses the Net.
16:47 of 1st period - Shot by Philippe Boucher.
16:47 of 1st period - Stopped by Miikka Kiprusoff with a rebound.
16:48 of 1st period - Shot by Brendan Morrison.
16:48 of 1st period - Deflect By Ilya Kovalchuk.
16:48 of 1st period - Shot Misses the Net.
18:00 of 1st period - Icing by Ilya Kovalchuk.
18:01 of 1st period - Jarome Iginla wins face-off versus Brendan Morrison in Thrashers zone.
18:30 of 1st period - Shot by Jussi Jokinen.
18:30 of 1st period - Shot Misses the Net.
18:33 of 1st period - Shot by Daymond Langkow.
18:33 of 1st period - Stopped by Kari Lehtonen without a rebound.
18:34 of 1st period - Jozef Stumpel wins face-off versus Joe Nieuwendyk in Thrashers zone.
18:34 of 1st period - Alexander Frolov is hit by Bill Guerin and loses puck.
18:39 of 1st period - Minor Penalty to Andrei Zyuzin for Tripping.
18:40 of 1st period - Robert Lang wins face-off versus Joe Nieuwendyk in neutral zone.
19:38 of 1st period - Icing by Ales Kotalik.
19:39 of 1st period - Brendan Morrison wins face-off versus Jarome Iginla in Thrashers zone.
19:46 of 1st period - Shot by Alex Tanguay.
19:46 of 1st period - Stopped by Kari Lehtonen without a rebound.
19:47 of 1st period - Joe Nieuwendyk wins face-off versus Brendan Morrison in Thrashers zone.
19:59 of 1st period - Icing by Ales Kotalik.

Period #2

0:01 of 2nd period - Brendan Morrison wins face-off versus Jarome Iginla in neutral zone.
0:14 of 2nd period - Shot by Philippe Boucher.
0:14 of 2nd period - Stopped by Miikka Kiprusoff with a rebound.
0:19 of 2nd period - Shot by Ilya Kovalchuk.
0:19 of 2nd period - Shot Blocked by Dion Phaneuf.
0:24 of 2nd period - Shot by Brendan Morrison.
0:24 of 2nd period - Shot Blocked by Robyn Regehr.
0:25 of 2nd period - Shot by Philippe Boucher.
0:25 of 2nd period - Shot Blocked by Robyn Regehr.
0:40 of 2nd period - Shot by Ilya Kovalchuk.
0:40 of 2nd period - Shot Misses the Net.
0:41 of 2nd period - Shot by Alexander Frolov.
0:41 of 2nd period - Stopped by Miikka Kiprusoff without a rebound.
0:42 of 2nd period - Joe Nieuwendyk wins face-off versus Jozef Stumpel in Flames zone.
1:06 of 2nd period - Joe Nieuwendyk is hit by Niclas Havelid and loses puck.
1:16 of 2nd period - Shot by Joe Nieuwendyk.
1:16 of 2nd period - Shot Misses the Net.
1:21 of 2nd period - Shot by Joe Nieuwendyk.
1:21 of 2nd period - Shot Misses the Net.
1:39 of 2nd period - Icing by Jaroslav Modry.
1:40 of 2nd period - Daymond Langkow wins face-off versus Brendan Morrison in Flames zone.
2:07 of 2nd period - Shot by Brian Willsie.
2:07 of 2nd period - Stopped by Kari Lehtonen without a rebound.
2:08 of 2nd period - Craig Conroy wins face-off versus Robert Lang in Thrashers zone.
2:22 of 2nd period - Minor Penalty to Jarome Iginla for Slashing.
2:23 of 2nd period - Joe Nieuwendyk wins face-off versus Robert Lang in Flames zone.
2:43 of 2nd period - Alexander Frolov is hit by Craig Conroy and loses puck.
3:00 of 2nd period - Off-side.
3:01 of 2nd period - Daymond Langkow wins face-off versus Brendan Morrison in neutral zone.
3:18 of 2nd period - Shot by Brendan Morrison.
3:18 of 2nd period - Stopped by Miikka Kiprusoff with a rebound.
3:21 of 2nd period - Shot by Ilya Kovalchuk.
3:21 of 2nd period - Stopped by Miikka Kiprusoff without a rebound.
3:22 of 2nd period - Joe Nieuwendyk wins face-off versus Brendan Morrison in Flames zone.
3:36 of 2nd period - Icing by Philippe Boucher.
3:37 of 2nd period - Joe Nieuwendyk wins face-off versus Ladislav Nagy in Thrashers zone.
3:47 of 2nd period - Minor Penalty to Dion Phaneuf for Holding.
3:48 of 2nd period - Robert Lang wins face-off versus Alex Tanguay in Flames zone.
4:11 of 2nd period - Shot by Marian Hossa.
4:11 of 2nd period - Deflect By Alexander Frolov.
4:11 of 2nd period - Shot Blocked by Roman Hamrlik.
4:12 of 2nd period - Shot by Greg de Vries.
4:12 of 2nd period - Stopped by Miikka Kiprusoff with a rebound.
4:17 of 2nd period - Shot by Alexander Frolov.
4:17 of 2nd period - Stopped by Miikka Kiprusoff without a rebound.
4:18 of 2nd period - Craig Conroy wins face-off versus Brendan Morrison in Flames zone.
4:32 of 2nd period - Icing by Brian Leetch.
4:33 of 2nd period - Brendan Morrison wins face-off versus Jarome Iginla in Thrashers zone.
4:35 of 2nd period - Icing by Ilya Kovalchuk.
4:36 of 2nd period - Joe Nieuwendyk wins face-off versus Brendan Morrison in Thrashers zone.
5:55 of 2nd period - Shot by Brian Willsie.
5:55 of 2nd period - Stopped by Kari Lehtonen without a rebound.
5:56 of 2nd period - Bobby Holik wins face-off versus Daymond Langkow in Thrashers zone.
6:12 of 2nd period - Jussi Jokinen is hit by Brian Leetch and loses puck.
6:41 of 2nd period - Rhett Warrener is hit by Bobby Holik and loses puck.
6:56 of 2nd period - Matthew Lombardi is hit by Ilya Kovalchuk and loses puck.
7:41 of 2nd period - Jozef Stumpel is hit by Roman Hamrlik and loses puck.
9:10 of 2nd period - Alex Tanguay is hit by Niclas Havelid and loses puck.
9:40 of 2nd period - Shot by Ladislav Nagy.
9:40 of 2nd period - Stopped by Miikka Kiprusoff without a rebound.
9:41 of 2nd period - Brian Willsie wins face-off versus Jozef Stumpel in Flames zone.
9:45 of 2nd period - Off-side.
9:46 of 2nd period - Daymond Langkow wins face-off versus Alexander Frolov in neutral zone.
10:07 of 2nd period - Shot by Alexander Frolov.
10:07 of 2nd period - Shot Blocked by Andrew Ference.
10:08 of 2nd period - Shot by Brett Clark.
10:08 of 2nd period - Stopped by Miikka Kiprusoff without a rebound.
10:09 of 2nd period - Daymond Langkow wins face-off versus Brendan Morrison in Flames zone.
10:09 of 2nd period - Brian Willsie is hit by Philippe Boucher and loses puck.
10:19 of 2nd period - Shot by Anson Carter.
10:19 of 2nd period - Shot Blocked by Jaroslav Modry.
11:23 of 2nd period - Off-side.
11:24 of 2nd period - Joe Nieuwendyk wins face-off versus Robert Lang in neutral zone.
11:27 of 2nd period - Shot by Tony Amonte.
11:27 of 2nd period - Shot Misses the Net.
11:32 of 2nd period - Shot by Marian Hossa.
11:32 of 2nd period - Stopped by Miikka Kiprusoff without a rebound.
11:33 of 2nd period - Craig Conroy wins face-off versus Bobby Holik in Flames zone.
11:39 of 2nd period - Alex Tanguay is hit by Andy Sutton and loses puck.
11:49 of 2nd period - Shot by Alex Tanguay.
11:49 of 2nd period - Goal by Alex Tanguay - Flames : 2 - Thrashers : 1.
11:50 of 2nd period - Robert Lang wins face-off versus Joe Nieuwendyk in neutral zone.
12:02 of 2nd period - Icing by Andrei Zyuzin.
12:03 of 2nd period - Joe Nieuwendyk wins face-off versus Brendan Morrison in Flames zone.
12:15 of 2nd period - Icing by Tony Amonte.
12:16 of 2nd period - Jozef Stumpel wins face-off versus Joe Nieuwendyk in Flames zone.
12:18 of 2nd period - Ales Kotalik is hit by Roman Hamrlik and loses puck.
12:56 of 2nd period - Shot by Jarome Iginla.
12:56 of 2nd period - Deflect By Alex Tanguay.
12:56 of 2nd period - Stopped by Kari Lehtonen with a rebound.
14:03 of 2nd period - Shot by Jussi Jokinen.
14:03 of 2nd period - Stopped by Kari Lehtonen without a rebound.
14:04 of 2nd period - Matthew Lombardi wins face-off versus Brendan Morrison in Thrashers zone.
14:21 of 2nd period - Shot by Anson Carter.
14:21 of 2nd period - Stopped by Miikka Kiprusoff without a rebound.
14:22 of 2nd period - Ladislav Nagy wins face-off versus Joe Nieuwendyk in Flames zone.
14:23 of 2nd period - Shot by Robert Lang.
14:23 of 2nd period - Stopped by Miikka Kiprusoff without a rebound.
14:24 of 2nd period - Robert Lang wins face-off versus Joe Nieuwendyk in Flames zone.
14:31 of 2nd period - Shot by Marian Hossa.
14:31 of 2nd period - Shot Misses the Net.
14:32 of 2nd period - Shot by Brian Leetch.
14:32 of 2nd period - Shot Blocked by Roman Hamrlik.
14:33 of 2nd period - Shot by Brett Clark.
14:33 of 2nd period - Deflect By Marian Hossa.
14:33 of 2nd period - Shot Blocked by Joe Nieuwendyk.
14:34 of 2nd period - Shot by Brian Leetch.
14:34 of 2nd period - Stopped by Miikka Kiprusoff without a rebound.
14:35 of 2nd period - Brendan Morrison wins face-off versus Daymond Langkow in Flames zone.
14:40 of 2nd period - Shot by Brendan Morrison.
14:40 of 2nd period - Stopped by Miikka Kiprusoff without a rebound.
14:41 of 2nd period - Robert Lang wins face-off versus Joe Nieuwendyk in Flames zone.
14:44 of 2nd period - Shot by Ladislav Nagy.
14:44 of 2nd period - Shot Misses the Net.
14:49 of 2nd period - Shot by Joe Nieuwendyk.
14:49 of 2nd period - Shot Hit the Post.
14:52 of 2nd period - Shot by Tony Amonte.
14:52 of 2nd period - Stopped by Kari Lehtonen without a rebound.
14:53 of 2nd period - Daymond Langkow wins face-off versus Brendan Morrison in Thrashers zone.
15:06 of 2nd period - Shot by Brendan Morrison.
15:06 of 2nd period - Stopped by Miikka Kiprusoff without a rebound.
15:07 of 2nd period - Craig Conroy wins face-off versus Robert Lang in Flames zone.
15:17 of 2nd period - Jarome Iginla is hit by Brett Clark and loses puck.
15:23 of 2nd period - Shot by Jarome Iginla.
15:23 of 2nd period - Shot Misses the Net.
15:32 of 2nd period - Shot by Alex Tanguay.
15:32 of 2nd period - Shot Misses the Net.
15:33 of 2nd period - Shot by Robyn Regehr.
15:33 of 2nd period - Shot Misses the Net.
15:34 of 2nd period - Shot by Dion Phaneuf.
15:34 of 2nd period - Shot Blocked by Brett Clark.
15:37 of 2nd period - Shot by Alex Tanguay.
15:37 of 2nd period - Deflect By Craig Conroy.
15:37 of 2nd period - Shot Blocked by Ladislav Nagy.
15:42 of 2nd period - Shot by Jarome Iginla.
15:42 of 2nd period - Shot Misses the Net.
18:13 of 2nd period - Shot by Bobby Holik.
18:13 of 2nd period - Shot Blocked by Rhett Warrener.
18:30 of 2nd period - Shot by Andy Sutton.
18:30 of 2nd period - Deflect By Ilya Kovalchuk.
18:30 of 2nd period - Shot Blocked by Dion Phaneuf.
18:40 of 2nd period - Off-side.
18:41 of 2nd period - Joe Nieuwendyk wins face-off versus Robert Lang in neutral zone.
18:43 of 2nd period - Tony Amonte is hit by Ladislav Nagy and loses puck.
18:49 of 2nd period - Shot by Bill Guerin.
18:49 of 2nd period - Shot Blocked by Brett Clark.
18:52 of 2nd period - Shot by Roman Hamrlik.
18:52 of 2nd period - Shot Misses the Net.
18:53 of 2nd period - Shot by Roman Hamrlik.
18:53 of 2nd period - Stopped by Kari Lehtonen without a rebound.
18:54 of 2nd period - Brendan Morrison wins face-off versus Joe Nieuwendyk in Thrashers zone.
19:04 of 2nd period - Icing by Marian Hossa.
19:05 of 2nd period - Brendan Morrison wins face-off versus Craig Conroy in Thrashers zone.
19:07 of 2nd period - Philippe Boucher is hit by Dion Phaneuf and loses puck.
19:12 of 2nd period - Minor Penalty to Robyn Regehr for Cross-checking.
19:13 of 2nd period - Joe Nieuwendyk wins face-off versus Robert Lang in neutral zone.
19:28 of 2nd period - Shot by Marian Hossa.
19:28 of 2nd period - Shot Misses the Net.
19:29 of 2nd period - Shot by Alexander Frolov.
19:29 of 2nd period - Stopped by Miikka Kiprusoff with a rebound.
19:38 of 2nd period - Shot by Alexander Frolov.
19:38 of 2nd period - Shot Hit the Post.
19:43 of 2nd period - Shot by Marian Hossa.
19:43 of 2nd period - Goal by Marian Hossa - Flames : 2 - Thrashers : 2.
19:44 of 2nd period - Bobby Holik wins face-off versus Joe Nieuwendyk in neutral zone.
19:48 of 2nd period - Andy Sutton is hit by Bill Guerin and loses puck.
19:57 of 2nd period - Minor Penalty to Andy Sutton for Holding.
19:58 of 2nd period - Joe Nieuwendyk wins face-off versus Jozef Stumpel in neutral zone.

Period #3

0:01 of 3rd period - Bobby Holik wins face-off versus Craig Conroy in neutral zone.
0:29 of 3rd period - Icing by Dion Phaneuf.
0:30 of 3rd period - Jarome Iginla wins face-off versus Bobby Holik in Flames zone.
1:21 of 3rd period - Shot by Tony Amonte.
1:21 of 3rd period - Shot Blocked by Mike Van Ryn.
1:22 of 3rd period - Shot by Andrei Zyuzin.
1:22 of 3rd period - Stopped by Kari Lehtonen without a rebound.
1:23 of 3rd period - Bobby Holik wins face-off versus Tony Amonte in Thrashers zone.
2:01 of 3rd period - Ladislav Nagy is hit by Andrew Ference and loses puck.
2:06 of 3rd period - Icing by Andrew Ference.
2:07 of 3rd period - Daymond Langkow wins face-off versus Jozef Stumpel in Flames zone.
2:21 of 3rd period - Minor Penalty to Mike Van Ryn for Slashing.
2:22 of 3rd period - Craig Conroy wins face-off versus Jozef Stumpel in Thrashers zone.
3:23 of 3rd period - Shot by Joe Nieuwendyk.
3:23 of 3rd period - Stopped by Kari Lehtonen with a rebound.
3:24 of 3rd period - Shot by Andrei Zyuzin.
3:24 of 3rd period - Stopped by Kari Lehtonen without a rebound.
3:25 of 3rd period - Joe Nieuwendyk wins face-off versus Bobby Holik in Thrashers zone.
3:26 of 3rd period - Shot by Bill Guerin.
3:26 of 3rd period - Stopped by Kari Lehtonen without a rebound.
3:27 of 3rd period - Craig Conroy wins face-off versus Bobby Holik in Thrashers zone.
3:30 of 3rd period - Shot by Jarome Iginla.
3:30 of 3rd period - Stopped by Kari Lehtonen without a rebound.
3:31 of 3rd period - Joe Nieuwendyk wins face-off versus Bobby Holik in Thrashers zone.
3:58 of 3rd period - Shot by Bill Guerin.
3:58 of 3rd period - Shot Blocked by Brian Leetch.
4:49 of 3rd period - Shot by Alexander Frolov.
4:49 of 3rd period - Stopped by Miikka Kiprusoff without a rebound.
4:50 of 3rd period - Robert Lang wins face-off versus Matthew Lombardi in Flames zone.
4:50 of 3rd period - Marian Hossa is hit by Matthew Lombardi and loses puck.
5:08 of 3rd period - Shot by Dion Phaneuf.
5:08 of 3rd period - Shot Blocked by Brian Leetch.
5:22 of 3rd period - Minor Penalty to Marian Hossa for Holding.
5:23 of 3rd period - Bobby Holik wins face-off versus Craig Conroy in Thrashers zone.
5:39 of 3rd period - Icing by Craig Conroy.
5:40 of 3rd period - Craig Conroy wins face-off versus Jozef Stumpel in Flames zone.
5:52 of 3rd period - Icing by Dion Phaneuf.
5:53 of 3rd period - Jarome Iginla wins face-off versus Bobby Holik in Flames zone.
7:10 of 3rd period - Shot by Daymond Langkow.
7:10 of 3rd period - Shot Misses the Net.
7:11 of 3rd period - Shot by Daymond Langkow.
7:11 of 3rd period - Stopped by Kari Lehtonen without a rebound.
7:12 of 3rd period - Craig Conroy wins face-off versus Bobby Holik in Thrashers zone.
7:33 of 3rd period - Shot by Brian Willsie.
7:33 of 3rd period - Stopped by Kari Lehtonen without a rebound.
7:34 of 3rd period - Jozef Stumpel wins face-off versus Daymond Langkow in Thrashers zone.
7:34 of 3rd period - Ales Kotalik is hit by Jaroslav Modry and loses puck.
8:06 of 3rd period - Shot by Jussi Jokinen.
8:06 of 3rd period - Stopped by Kari Lehtonen with a rebound.
8:30 of 3rd period - Roman Hamrlik is hit by Ilya Kovalchuk and loses puck.
8:34 of 3rd period - Shot by Scott Mellanby.
8:34 of 3rd period - Shot Misses the Net.
8:37 of 3rd period - Shot by Ilya Kovalchuk.
8:37 of 3rd period - Shot Misses the Net.
8:40 of 3rd period - Shot by Ilya Kovalchuk.
8:40 of 3rd period - Shot Blocked by Andrei Zyuzin.
8:41 of 3rd period - Shot by Ilya Kovalchuk.
8:41 of 3rd period - Shot Blocked by Roman Hamrlik.
8:42 of 3rd period - Shot by Brian Leetch.
8:42 of 3rd period - Shot Misses the Net.
8:45 of 3rd period - Shot by Ilya Kovalchuk.
8:45 of 3rd period - Shot Misses the Net.
8:46 of 3rd period - Shot by Brian Leetch.
8:46 of 3rd period - Shot Misses the Net.
8:47 of 3rd period - Shot by Andy Sutton.
8:47 of 3rd period - Shot Misses the Net.
8:50 of 3rd period - Shot by Scott Mellanby.
8:50 of 3rd period - Shot Misses the Net.
8:55 of 3rd period - Shot by Scott Mellanby.
8:55 of 3rd period - Shot Blocked by Andrei Zyuzin.
9:13 of 3rd period - Icing by Tony Amonte.
9:14 of 3rd period - Brendan Morrison wins face-off versus Joe Nieuwendyk in Flames zone.
9:21 of 3rd period - Shot by Ilya Kovalchuk.
9:21 of 3rd period - Shot Misses the Net.
9:22 of 3rd period - Shot by Philippe Boucher.
9:22 of 3rd period - Shot Misses the Net.
9:25 of 3rd period - Shot by Anson Carter.
9:25 of 3rd period - Stopped by Miikka Kiprusoff without a rebound.
9:26 of 3rd period - Ladislav Nagy wins face-off versus Craig Conroy in Flames zone.
9:28 of 3rd period - Marian Hossa is hit by Craig Conroy and loses puck.
9:35 of 3rd period - Icing by Robyn Regehr.
9:36 of 3rd period - Brendan Morrison wins face-off versus Craig Conroy in Flames zone.
9:39 of 3rd period - Shot by Ilya Kovalchuk.
9:39 of 3rd period - Shot Blocked by Jarome Iginla.
9:42 of 3rd period - Shot by Ilya Kovalchuk.
9:42 of 3rd period - Deflect By Anson Carter.
9:42 of 3rd period - Stopped by Miikka Kiprusoff with a rebound.
9:43 of 3rd period - Shot by Anson Carter.
9:43 of 3rd period - Stopped by Miikka Kiprusoff without a rebound.
9:44 of 3rd period - Daymond Langkow wins face-off versus Robert Lang in Flames zone.
9:44 of 3rd period - Brian Willsie is hit by Brett Clark and loses puck.
10:08 of 3rd period - Shot by Daymond Langkow.
10:08 of 3rd period - Shot Misses the Net.
10:11 of 3rd period - Shot by Jussi Jokinen.
10:11 of 3rd period - Shot Misses the Net.
10:12 of 3rd period - Shot by Brian Willsie.
10:12 of 3rd period - Goal by Brian Willsie - Flames : 3 - Thrashers : 2.
10:13 of 3rd period - Jozef Stumpel wins face-off versus Craig Conroy in neutral zone.
10:28 of 3rd period - Shot by Ales Kotalik.
10:28 of 3rd period - Shot Blocked by Dion Phaneuf.
10:29 of 3rd period - Shot by Mike Van Ryn.
10:29 of 3rd period - Shot Misses the Net.
10:32 of 3rd period - Shot by Alexander Frolov.
10:32 of 3rd period - Shot Misses the Net.
10:33 of 3rd period - Shot by Mike Van Ryn.
10:33 of 3rd period - Deflect By Jozef Stumpel.
10:33 of 3rd period - Stopped by Miikka Kiprusoff with a rebound.
11:36 of 3rd period - Shot by Brian Willsie.
11:36 of 3rd period - Stopped by Kari Lehtonen with a rebound.
11:39 of 3rd period - Shot by Jaroslav Modry.
11:39 of 3rd period - Shot Misses the Net.
11:44 of 3rd period - Shot by Brian Willsie.
11:44 of 3rd period - Stopped by Kari Lehtonen without a rebound.
11:45 of 3rd period - Joe Nieuwendyk wins face-off versus Robert Lang in Thrashers zone.
11:54 of 3rd period - Shot by Joe Nieuwendyk.
11:54 of 3rd period - Stopped by Kari Lehtonen without a rebound.
11:55 of 3rd period - Joe Nieuwendyk wins face-off versus Robert Lang in Thrashers zone.
12:04 of 3rd period - Shot by Robert Lang.
12:04 of 3rd period - Stopped by Miikka Kiprusoff without a rebound.
12:05 of 3rd period - Jozef Stumpel wins face-off versus Matthew Lombardi in Flames zone.
12:10 of 3rd period - Shot by Jozef Stumpel.
12:10 of 3rd period - Stopped by Miikka Kiprusoff with a rebound.
12:13 of 3rd period - Shot by Ales Kotalik.
12:13 of 3rd period - Stopped by Miikka Kiprusoff without a rebound.
12:14 of 3rd period - Robert Lang wins face-off versus Daymond Langkow in Flames zone.
13:32 of 3rd period - Icing by Brian Leetch.
13:33 of 3rd period - Joe Nieuwendyk wins face-off versus Robert Lang in Thrashers zone.
14:22 of 3rd period - Shot by Ilya Kovalchuk.
14:22 of 3rd period - Shot Misses the Net.
14:23 of 3rd period - Shot by Philippe Boucher.
14:23 of 3rd period - Stopped by Miikka Kiprusoff without a rebound.
14:24 of 3rd period - Jozef Stumpel wins face-off versus Matthew Lombardi in Flames zone.
14:27 of 3rd period - Shot by Ales Kotalik.
14:27 of 3rd period - Shot Misses the Net.
15:04 of 3rd period - Shot by Jarome Iginla.
15:04 of 3rd period - Deflect By Kristian Huselius.
15:04 of 3rd period - Shot Misses the Net.
15:05 of 3rd period - Shot by Jarome Iginla.
15:05 of 3rd period - Deflect By Kristian Huselius.
15:05 of 3rd period - Stopped by Kari Lehtonen without a rebound.
15:06 of 3rd period - Brendan Morrison wins face-off versus Daymond Langkow in Thrashers zone.
15:21 of 3rd period - Shot by Ilya Kovalchuk.
15:21 of 3rd period - Shot Blocked by Andrew Ference.
15:22 of 3rd period - Shot by Anson Carter.
15:22 of 3rd period - Deflect By Ilya Kovalchuk.
15:22 of 3rd period - Shot Misses the Net.
15:25 of 3rd period - Shot by Anson Carter.
15:25 of 3rd period - Shot Misses the Net.
15:26 of 3rd period - Shot by Ilya Kovalchuk.
15:26 of 3rd period - Stopped by Miikka Kiprusoff without a rebound.
15:27 of 3rd period - Brendan Morrison wins face-off versus Craig Conroy in Flames zone.
16:44 of 3rd period - Shot by Joe Nieuwendyk.
16:44 of 3rd period - Stopped by Kari Lehtonen without a rebound.
16:45 of 3rd period - Robert Lang wins face-off versus Jussi Jokinen in Thrashers zone.
17:50 of 3rd period - Shot by Alexander Frolov.
17:50 of 3rd period - Shot Misses the Net.
17:51 of 3rd period - Shot by Jozef Stumpel.
17:51 of 3rd period - Stopped by Miikka Kiprusoff without a rebound.
17:52 of 3rd period - Craig Conroy wins face-off versus Jozef Stumpel in Flames zone.
18:10 of 3rd period - Minor Penalty to Niclas Havelid for Slashing.
18:11 of 3rd period - Scott Mellanby wins face-off versus Joe Nieuwendyk in Thrashers zone.
18:28 of 3rd period - Shot by Joe Nieuwendyk.
18:28 of 3rd period - Deflect By Bill Guerin.
18:28 of 3rd period - Stopped by Kari Lehtonen with a rebound.


Output by the SimonT Hockey Simulator (STHS) for Stephane Roy -- Original Page W3C XHTML 1.0 Valid